 Dungeon Crawl Stone Soup version 0.30-a0-728-gc68057be0a (webtiles) character file.

Game seed: 5785970577589986860

247 Dittersdorf the Covered (level 6, -1/39 HPs)
             Began as a Gargoyle Fighter on Jan 30, 2023.
             Slain by a gnoll
             ... wielding a +0 whip
              (5 damage)
             ... on level 3 of the Dungeon.
             The game lasted 00:02:41 (2462 turns).

Dittersdorf the Covered (Gargoyle Fighter)          Turns: 2462, Time: 00:02:42

Health: -1/39      AC: 11    Str: 22    XL:     6   Next: 11%
Magic:  6/6        EV:  9    Int:  8    God:
Gold:   187        SH:  4    Dex:  9    Spells: 5/5 levels left

rFire   . . .      SeeInvis .    a - +0 flail
rCold   . . .      Faith    .    c - +0 buckler
rNeg    + . .      Spirit   .    b - +0 scale mail
rPois   ∞          Reflect  .    (no helmet)
rElec   +          Harm     .    (no cloak)
rCorr   .          Rampage  .    (no gloves)
Will    .....                    (no boots) Stlth
                                 (no amulet)
HPRegen 0.26/turn                (no ring)
MPRegen 0.10/turn                (no ring)

@: no status effects
A: sickness immunity, AC +4, negative energy resistance 1, electricity
resistance, torment resistance 1, petrification resistance
a: no special abilities


You were on level 3 of the Dungeon.
You visited 1 branch of the dungeon, and saw 4 of its levels.

You collected 187 gold pieces.

Inventory:

Hand Weapons
 a - a +0 flail (weapon)
Missiles
 f - 6 poisoned darts (quivered)
Armour
 b - a +0 scale mail (worn)
 c - a +0 buckler (worn)
 o - a +0 plate armour
Scrolls
 e - a scroll of blinking {unknown}
 g - a scroll of teleportation {unknown}
 n - a scroll of magic mapping {unknown}
 p - a scroll of torment {unknown}
 q - a scroll of fog {unknown}
Potions
 d - a potion of might
 h - 2 potions of heal wounds {unknown}
 i - a potion of invisibility {unknown}
 j - a potion of berserk rage {unknown}
 k - 2 potions of attraction {unknown}
 l - 2 potions of mutation {unknown}
 m - 6 potions of curing {unknown}
 r - a potion of lignification {unknown}


   Skills:
 + Level 4.6 Fighting
 + Level 3.4 Maces & Flails
 + Level 4.6 Armour
 + Level 4.5 Shields


You had 5 spell levels left.
You didn't know any spells.
Your spell library contained the following spells:

 Spells                   Type           Power      Damage    Failure   Level
 Kiss of Death            Conj/Necr      0%         2d5       80%         1
 Confusing Touch          Hex            0%         N/A       99%         3
 Dispel Undead            Necr           0%         3d6       100%        4


Dungeon Overview and Level Annotations

Branches:
Dungeon (4/15)
 Temple: D:4-7

Altars:

Annotations:
D:4 Sigmund


Innate Abilities, Weirdness & Mutations

You are immune to sickness and miasma.
Your stone body is resilient. (AC +4)
You are immune to poison.
You resist negative energy. (rN+)
You are resistant to electric shocks. (rElec)
You are resistant to unholy torment.
You are immune to petrification.


Message History

You block the gnoll's attack.
Sigmund hits you from afar with a +3 scythe of freezing.
Sigmund freezes you.
You sock the gnoll!
The gnoll is almost dead.
The gnoll barely misses you.
Sigmund hits you from afar with a +3 scythe of freezing.
Sigmund freezes you.
You thump the gnoll!
You kill the gnoll!
Sigmund hits you from afar with a +3 scythe of freezing.
Sigmund freezes you. The gnoll hits you with a +0 whip!
You are too injured to fight recklessly!
You are too injured to fight recklessly!
You are too injured to fight recklessly!
You are too injured to fight recklessly!
The gnoll attacks as you move away! The gnoll barely misses you.
The gnoll attacks as you move away! You block the gnoll's attack.
The gnoll attacks as you move away! The gnoll closely misses you.
Sigmund casts a spell.
Sigmund flickers and vanishes!
Deactivating autopickup; reactivate with Ctrl-A.
The gnoll attacks as you move away! The gnoll hits you with a +0 whip!
* * * LOW HITPOINT WARNING * * *
The gnoll attacks as you move away! The gnoll hits you with a +0 whip.
* * * LOW HITPOINT WARNING * * *
There is a stone staircase leading up here.
The gnoll hits you with a +0 whip.
* * * LOW HITPOINT WARNING * * *
You climb upwards.
Reactivating autopickup.
There is a stone staircase leading down here.
You hit the gnoll.
The gnoll is heavily wounded.
The gnoll hits you with a +0 whip.
* * * LOW HITPOINT WARNING * * *
You closely miss the gnoll.
The gnoll is heavily wounded.
The gnoll hits you with a +0 whip.
You die...

##.......#..####.# #.# #
#.......#..# #.# #.# #
#.###.[##.(# #.#####.##### #.#
#......# #.##.........
####.###..###.####.##....#####
#...(.........##...##....#
#........#....##.####....#
#.......###.g.#..# #....#
#.........'..@'.## #....#
#......####...### ######
#......# #...# ######## #...#
#...# #####


You could see a gnoll.

Vanquished Creatures
  A scorpion (D:4)
  Jessica (D:2)
  2 orc wizards (D:3)
  2 adders
  2 gnolls (D:4)
  3 worms
  2 dart slugs
  4 orcs
  4 bats
  5 endoplasms
  A giant cockroach (D:2)
  2 goblins
  8 hobgoblins
  5 quokkas
  6 ball pythons
  3 frilled lizards
  2 kobolds
  5 rats
58 creatures vanquished.

Vanquished Creatures (others)
  A plant (D:4)
1 creature vanquished.

Grand Total: 59 creatures vanquished

Notes
Turn   | Place    | Note
-------+----------+-------------------------------------------
     0 | D:1      | Dittersdorf the Gargoyle Fighter began the quest for the
                  | Orb.
     0 | D:1      | Reached XP level 1. HP: 14/14 MP: 1/1
   627 | D:1      | Reached XP level 2. HP: 19/19 MP: 2/2
   978 | D:2      | Reached XP level 3. HP: 24/24 MP: 3/3
  1125 | D:2      | Noticed Jessica
  1137 | D:2      | Killed Jessica
  1138 | D:2      | Reached XP level 4. HP: 4/29 MP: 4/4
  1581 | D:3      | Reached XP level 5. HP: 33/33 MP: 5/5
  2141 | D:4      | Noticed Sigmund
  2328 | D:4      | Reached XP level 6. HP: 18/39 MP: 6/6
  2462 | D:3      | Slain by a gnoll

Illustrated notes

Levels and vault maps discovered:
D:1:      amcnicky_arrival_feature_with_door, layout_loops_ring,
          serial_bayou_lagoon_a
D:2:      layout_rooms, supply_closet_lemuel, minivault_11,
          kennysheep_jessica_study
D:3:      layout_basic
D:4:      layout_loops_ring, serial_bayou_pond_b, uniq_sigmund

Skill      XL: |  1  2  3  4 |
---------------+-------------+-----
Armour         | 4 |  4.6
Fighting       | 4 |  4.6
Shields        | 4 |  4.5
Maces & Flails | 3 |  3.4

Action                     |  1- 3 |  4- 6 || total
---------------------------+-------+-------++-------
  Melee: Flail             |   107 |   132 ||   239
 Armour: Scale mail        |    67 |    76 ||   143
  Dodge: Dodged            |    81 |    53 ||   134
  Block: Buckler           |    20 |    29 ||    49

Table legend: (Time is in decaauts)
 A = Elapsed time spent in this place.
 B = Non-inter-level travel time spent in this place.
 C = Inter-level travel time spent in this place.
 D = Time resting spent in this place.
 E = Time spent auto-exploring this place.
 F = Levels seen in this place.
 G = Mean time per level.
                   A        B        C        D        E       F      G
               +--------+--------+--------+--------+--------+-----+--------+
         Total |   2544 |   2430 |    114 |    381 |   1528 |   4 |  636.0 |
       Dungeon |   2544 |   2430 |    114 |    381 |   1528 |   4 |  636.0 |
               +--------+--------+--------+--------+--------+-----+--------+

Top non-repeatable levels by time:
     D:2: 857 daAuts
     D:3: 835 daAuts
     D:1: 652 daAuts
     D:4: 198 daAuts
